Map: Bel'Shir Vestige LE (Void)

Players

BIGFLLA

  • Race: Protoss Protoss
  • League: Silver
  • Spawn Location: 11:00

KINGDazz - Winner!

  • Race: Terran Terran
  • League: Gold
  • Spawn Location: 5:00

VOD

Have the link to the VOD?

Description

Time

  • Played on: March 21, 2017, 5:32 a.m.
  • Length: 6:19
Show
View Real Time Build Order
Export as new Build Order

BIGFLLA Protoss 

Build Orders: Cannon Rush 

Get SALT Encoding   

  12  0:01  Probe (Chrono Boost)  
  13  0:11  Probe (Chrono Boost)  
  14  0:18  Pylon  
  14  0:22  Probe (Chrono Boost)  
  15  0:36  Probe (Chrono Boost)  
  16  0:43  Forge  
  16  0:47  Probe (Chrono Boost)  
  17  0:58  Gateway  
  17  1:02  Probe (Chrono Boost)  
  18  1:09  Pylon  
  18  1:14  Probe (Chrono Boost)  
  19  1:30  Photon Cannon  
  19  1:34  Photon Cannon  
  19  1:54  Photon Cannon  
  19  1:56  Photon Cannon  
  19  2:11  Nexus  
  19  2:22  Pylon  
  19  2:31  Probe (Chrono Boost)  
  20  2:43  Cybernetics Core  
  20  2:49  Photon Cannon  
  20  2:51  Photon Cannon  
  20  2:59  Photon Cannon  
  20  3:10  Pylon  
  20  3:14  Photon Cannon  
  20  3:23  Probe (Chrono Boost)  
  21  3:30  Pylon  
  22  3:34  Assimilator, Probe (Chrono Boost)  
  22  3:36  Probe (Chrono Boost)  
  22  3:40  Assimilator  
  23  3:44  Assimilator, Probe (Chrono Boost)  
  23  3:46  Probe (Chrono Boost)  
  25  3:59  Probe (Chrono Boost)  
  25  4:00  Probe (Chrono Boost)  
  27  4:21  Probe (Chrono Boost)  
  27  4:22  Assimilator  
  27  4:23  Probe (Chrono Boost)  
  29  4:31  Pylon  
  29  4:32  Probe (Chrono Boost)  
  29  4:35  Probe (Chrono Boost)  
  31  4:41  Gateway x2  
  31  4:45  Gateway  
  31  4:47  Gateway  
  31  5:13  Mothership Core (Chrono Boost)  
  33  5:20  Photon Cannon  
  33  5:25  Photon Cannon  
  33  5:26  Photon Cannon  
  33  5:50  Pylon  
Show
View Real Time Build Order
Export as new Build Order

KINGDazz Terran - Winner!

Build Orders:  

Get SALT Encoding   

  12  0:01  SCV  
  13  0:13  SCV  
  14  0:18  Supply Depot  
  14  0:25  SCV  
  15  0:39  SCV  
  15  0:42  Barracks  
  16  0:52  SCV  
  17  0:59  Refinery  
  17  1:03  Barracks  
  17  1:04  SCV  
  18  1:16  SCV  
  19  1:29  Orbital Command  
  19  1:32  Marine  
  19  1:36  Bunker  
  20  1:48  Supply Depot  
  20  1:50  Marine  
  21  1:57  SCV  
  21  2:00  Marine  
  23  2:06  Supply Depot  
  23  2:09  Marine  
  24  2:19  SCV  
  26  2:26  Factory  
  26  2:31  SCV  
  26  2:33  Marine  
  28  2:38  Barracks Reactor  
  28  2:43  SCV  
  28  2:47  Refinery  
  28  2:55  Bunker, SCV  
  28  2:56  Marine  
  30  3:07  SCV  
  31  3:14  Marine x2  
  31  3:18  Barracks Tech Lab  
  31  3:19  SCV  
  34  3:25  Factory Tech Lab  
  34  3:31  SCV  
  34  3:32  Marine  
  36  3:34  Starport  
  36  3:42  Stimpack  
  36  3:54  SCV  
  37  3:56  Marine x2  
  37  3:58  Command Center  
  39  4:04  Supply Depot  
  39  4:15  Marine, Siege Tank, SCV  
  44  4:22  Medivac  
  46  4:36  SCV, Barracks  
  47  4:39  Supply Depot  
  47  4:59  SCV  
  48  5:05  Siege Tank  
  51  5:07  Marine  
  51  5:08  Marine  
  51  5:09  Marine  
  51  5:11  SCV  
  55  5:21  Medivac  
  57  5:23  SCV  
  58  5:32  Marine x3  
  58  5:35  SCV  
  62  5:41  Supply Depot  
  62  5:47  SCV  
  63  5:50  Marine x3  
  63  5:51  Orbital Command  
Tags
 
Add a new tag
Caveats
  • Supply blocks, unpowered buildings, or Contaminate may cause inaccurate times.
  • Supply counts are checked every 10 seconds.